 Dungeon Crawl Stone Soup version 0.20-a0-16-g0876c8e (webtiles) character file.

455 kae the Carver (level 6, -1/39 HPs)
             Began as a High Elf Gladiator on Nov 4, 2016.
             Slain by Crazy Yiuf
             ... wielding a +2 quarterstaff of chaos
              (8 damage)
             ... on level 3 of the Dungeon.
             The game lasted 00:07:08 (4671 turns).

kae the Carver (High Elf Gladiator)                 Turns: 4671, Time: 00:07:09

Health: -1/39      AC:  4    Str: 14    XL:     6   Next: 76%
Magic:  7/7        EV: 13    Int: 13    God:
Gold:   146        SH:  0    Dex: 17    Spells: 0 memorised, 5 levels left

rFire  + . .     SeeInvis .     v - +0 long sword (holy)
rCold  . . .     Gourm    .     b - +0 leather armour
rNeg   . . .     Faith    .     (no shield)
rPois  .         Spirit   .     c - +0 helmet
rElec  .         Reflect  +     (no cloak)
rCorr  .         Harm     .     (no gloves)
MR     .....                    (no boots)
Stlth  +.........               r - +2 amulet of reflection
                                (no ring)
                                p - ring of protection from fire

@: confused, lethally poisoned (-1 -> -6), drained
A: no striking features
a: no special abilities


You were on level 3 of the Dungeon.
You were hungry.

You visited 1 branch of the dungeon, and saw 3 of its levels.
You also visited: Sewer.

You collected 146 gold pieces.

Inventory:

Hand Weapons
 a - a +0 long sword
 v - a +0 long sword of holy wrath (weapon)
Armour
 b - a +0 leather armour (worn)
 c - a +0 helmet (worn)
Jewellery
 p - a ring of protection from fire (left hand)
 r - a +2 amulet of reflection (around neck)
Scrolls
 e - a scroll of noise
 i - 9 scrolls of identify {unknown}
 m - 5 scrolls of remove curse {unknown}
 s - a scroll of blinking {unknown}
 u - 2 scrolls of magic mapping {unknown}
 w - 3 scrolls of fog {unknown}
 x - a scroll of enchant weapon {unknown}
 y - a scroll of recharging {unknown}
 A - 2 scrolls of teleportation {unknown}
Potions
 h - a potion of ambrosia
 k - 2 potions of magic
 n - a potion of degeneration {unknown}
 o - 3 potions of curing {unknown}
 q - 3 potions of heal wounds {unknown}
 z - a potion of resistance {unknown}
Comestibles
 f - 2 bread rations
 g - a fruit
 j - a royal jelly
 l - 2 beef jerkies
 t - a slice of pizza


   Skills:
 - Level 2.0(1.7) Fighting
 + Level 9.3(8.9) Long Blades
 - Level 2.0(1.7) Throwing
 - Level 3.2(3.0) Dodging


You had 5 spell levels left.
You didn't know any spells.

Dungeon Overview and Level Annotations

Branches:
Dungeon (3/15)

Altars:

Annotations:
D:3 Crazy Yiuf


Message History

You are lethally poisoned!
You are feeling hungry.
* * * LOW HITPOINT WARNING * * *
You feel sick.
* * * LOW HITPOINT WARNING * * *
You feel sick.
* * * LOW HITPOINT WARNING * * *
You feel sick.
* * * LOW HITPOINT WARNING * * *
You feel sick.
It was a potion of magic.
Magic courses through your body.
Crazy Yiuf yells, "Dawk!"
Crazy Yiuf closely misses you.
You riposte.
You closely miss Crazy Yiuf.
Crazy Yiuf is heavily wounded.
It was a potion of ambrosia.
You are confused.
You feel invigorated.
You feel sick.
Crazy Yiuf says, "Ghoul senile meccalolo!"
Crazy Yiuf hits you with a quarterstaff of chaos!
You die...

####.###.###...##.###...#...##.
#.## ##.##.##..(.........####
#.# #.#####################
#.## ##.# #..... ##.###..#
###### ##....##### ### #
####.....## ###..)# #
#......####.'...# #
##.....@#..##...# # ##....#g###
### ###### ######## #.....
######


You could see Crazy Yiuf.

Vanquished Creatures
  Sigmund (D:3)
  An orc wizard (D:3)
  Ijyb (D:3)
  Robin (D:3)
  7 adders
  6 river rats (Sewer)
  2 oozes
  2 worms (D:2)
  3 dart slugs
  A leopard gecko (D:2)
  3 orcs (D:3)
  3 giant cockroaches
  11 goblins
  3 hobgoblins
  8 jackals
  3 quokkas (D:2)
  5 ball pythons (Sewer)
  7 bats
  8 frilled lizards
  12 kobolds
  12 rats
100 creatures vanquished.

Notes
Turn   | Place    | Note
-------+----------+-------------------------------------------
     0 | D:1      | kae the High Elf Gladiator began the quest for the Orb.
     0 | D:1      | Reached XP level 1. HP: 14/14 MP: 2/2
   259 | D:1      | Reached skill level 4 in Long Blades
   424 | D:1      | Reached XP level 2. HP: 19/19 MP: 3/3
  1171 | D:2      | Reached skill level 5 in Long Blades
  1198 | D:2      | Reached XP level 3. HP: 19/24 MP: 4/4
  1716 | D:2      | Reached XP level 4. HP: 4/29 MP: 5/5
  2097 | D:2      | Reached skill level 6 in Long Blades
  2300 | D:3      | Found a glowing drain.
  2428 | Sewer    | Entered a sewer
  2751 | Sewer    | Reached XP level 5. HP: 16/34 MP: 6/6
  2925 | Sewer    | Reached skill level 7 in Long Blades
  3777 | D:3      | Noticed Sigmund
  4075 | D:3      | Killed Sigmund
  4075 | D:3      | Reached skill level 9 in Long Blades
  4075 | D:3      | Reached XP level 6. HP: 23/39 MP: 7/7
  4253 | D:3      | Noticed Ijyb
  4268 | D:3      | Killed Ijyb
  4300 | D:3      | Noticed Robin
  4347 | D:3      | Killed Robin
  4405 | D:3      | Found a runed door.
  4654 | D:3      | Noticed Crazy Yiuf
  4671 | D:3      | Slain by Crazy Yiuf

Vault maps used:
D:1:      dpeg_arrival_three_smaller_balls
D:3:      gup_sewer_entry_glass, first_bread, hangedman_decor_points,
          uniq_robin, uniq_crazy_yiuf_cottage, uniq_sigmund, uniq_iyjb
Sewer:    sewer_co_cracked_pipes

Skill      XL: |  1  2  3  4  5 |
---------------+----------------+-----
Long Blades    | 4 5 6 9 |  9.3
Fighting       | |  2.0
Throwing       | |  2.0
Dodging        | |  3.2

Action                   |  1- 3 |  4- 6 || total
-------------------------+-------+-------++-------
Melee: Long sword        |    94 |   231 ||   325
Throw: Throwing net      |     1 |     5 ||     6
  Use: Potion            |       |     2 ||     2
       Scroll            |       |     1 ||     1
 Stab: Sleeping          |       |     4 ||     4
       Distracted        |       |     1 ||     1
       Held in net/web   |       |     1 ||     1
  Eat: Chunk             |     2 |    10 ||    12
Armor: Leather armour    |    16 |    53 ||    69
Dodge: Dodged            |    75 |   141 ||   216
Block: Other             |     3 |     8 ||    11
       Rpst.: Long sword |    24 |    42 ||    66
